 Dungeon Crawl Stone Soup version 0.27-a0-96-gb51a1d6fd6 (console) character file.

Game seed: 48589846126358574

29 svalbard the Sneak (level 3, -5/26 HPs)
             Began as an Octopode Delver on Jan 21, 2021.
             Slain by an orc
             ... wielding a +0 short sword
              (8 damage)
             ... on level 3 of the Dungeon.
             The game lasted 00:01:02 (848 turns).

svalbard the Sneak (Octopode Delver)                 Turns: 848, Time: 00:01:02

Health: -5/26      AC:  1    Str: 11    XL:     3   Next: 16%
Magic:  3/3        EV: 14    Int: 12    God:
Gold:   27         SH:  0    Dex: 14    Spells: 2/2 levels left

rFire    . . .     SeeInvis .   a - +0 short sword
rCold    . . .     Faith    .   (no shield)
rNeg     . . .     Spirit   .   (helmet restricted)
rPois    .         Reflect  .   (no amulet)
rElec    .         Harm     .   (no ring)
rCorr    .         Rampage  .   (no ring)
Will     .....                  (no ring)
Stlth    ++++......             (no ring)
HPRegen  0.08/turn              (no ring)
MPRegen  0.08/turn              (no ring)
                                (no ring)
                                (no ring)

@: slowed, very slow
A: almost no armour, stealthy swim, amphibious, 8 rings, constrict 8, camouflage
1, gelatinous body 1
a: no special abilities


You were on level 3 of the Dungeon.
You visited 1 branch of the dungeon, and saw 4 of its levels.

You collected 27 gold pieces.

Inventory:

Hand Weapons
 a - a +0 short sword (weapon)
Wands
 d - a wand of digging (3)
Scrolls
 b - a scroll of fog
 c - a scroll of magic mapping
 f - a scroll of fear
 j - a scroll of amnesia {unknown}
 k - a scroll of enchant armour {unknown}
Potions
 e - 2 potions of haste
 g - a potion of degeneration {unknown}
 h - a potion of ambrosia {unknown}
 i - a potion of heal wounds {unknown}


   Skills:
 + Level 3.4 Fighting
 - Level 2.0 Short Blades
 + Level 2.5 Dodging
 + Level 7.1 Stealth


You had 2 spell levels left.
You didn't know any spells.
Your spell library was empty.

Dungeon Overview and Level Annotations

Branches:
Dungeon (6/15)             Temple (0/1) D:6

Altars:
Uskayaw

Annotations:
D:5 Pikel


Innate Abilities, Weirdness & Mutations

You cannot wear most types of armour.
You are very stealthy in the water. (Stealth+)
You are amphibious.
You can wear up to eight rings at the same time.
You can use your tentacles to constrict eight enemies at once.
Your skin changes colour to match your surroundings (Stealth+).
Your rubbery body absorbs attacks. (AC +1, EV +1)


Message History

The orc wizard casts a spell at you. The magic dart hits you.
The orc wizard gestures wildly while chanting.
The orc wizard blinks!
There is a stone staircase leading up here.
The orc wizard casts a spell at you. The magic dart hits you.
* * * LOW HITPOINT WARNING * * *
The adder hisses angrily.
You climb upwards.
The bat misses you. x2; The hobgoblin completely misses you.
The orc barely misses you. The bat barely misses you.
The hobgoblin barely misses you. The orc closely misses you.
There is a stone staircase leading down here.
You barely miss the bat. You grab the bat. You constrict the bat.
The bat barely misses you. The bat hits you.
* * * LOW HITPOINT WARNING * * *
The bat struggles to escape constriction.
A worker ant comes into view.
The bat completely misses you. The orc hits you with a +0 short sword!
You die...

#..##
# #...
#.#...
#.#..
#.#.B
#...#
#ob#
#.@#
#g.#
#..#
#..#
##.#
#.#
#.#
#.#


You could see a worker ant, an orc, a hobgoblin and a bat.

Vanquished Creatures
  A lemure (D:5)
  A hound zombie (D:4)
  A shadow imp (D:5)
  An adder skeleton (D:5)
  An orc (D:4)
  A quokka (D:5)
  A leopard gecko skeleton (D:5)
7 creatures vanquished.

Notes
Turn   | Place    | Note
-------+----------+-------------------------------------------
     0 | D:5      | svalbard the Octopode Delver began the quest for the Orb.
     0 | D:5      | Reached XP level 1. HP: 16/16 MP: 1/1
    59 | D:5      | Found a hide-covered altar of Uskayaw.
   125 | D:5      | Reached XP level 2. HP: 10/21 MP: 2/2
   282 | D:6      | Found a staircase to the Ecumenical Temple.
   283 | D:6      | Noticed an orc warrior
   334 | D:5      | Noticed Pikel
   334 | D:5      | Noticed a lemure
   335 | D:5      | Noticed a lemure
   343 | D:5      | Killed a lemure
   652 | D:4      | Reached skill level 7 in Stealth
   652 | D:4      | Reached XP level 3. HP: 16/26 MP: 3/3
   848 | D:3      | Slain by an orc

Illustrated notes

Levels and vault maps discovered:
D:3:      layout_rooms, nicolae_ru_great_annihilating_truth
D:4:      layout_cave_pods
D:5:      layout_basic, eat_drink_and_be_merry_uskayaw, uniq_pikel
D:6:      layout_rooms, kennysheep_mini, temple_statues, minmay_door_square,
          minmay_ruffians, uniq_blork_the_orc

Skill      XL: |  1  2 |
---------------+-------+-----
Stealth        | 7 |  7.1
Fighting       | |  3.4
Short Blades   | |  2.0
Dodging        | |  2.5

Action                   || total
-------------------------++-------
Melee: Short sword       ||    36
       Tentacles         ||    10
       Constrict         ||    10
Armor: Skin              ||     5
Dodge: Dodged            ||    25

Table legend: (Time is in decaauts)
 A = Elapsed time spent in this place.
 B = Non-inter-level travel time spent in this place.
 C = Inter-level travel time spent in this place.
 D = Time resting spent in this place.
 E = Time spent auto-exploring this place.
 F = Levels seen in this place.
 G = Mean time per level.
                   A        B        C        D        E       F      G
               +--------+--------+--------+--------+--------+-----+--------+
         Total |    852 |    822 |     30 |    376 |    237 |   4 |  213.0 |
       Dungeon |    852 |    822 |     30 |    376 |    237 |   4 |  213.0 |
               +--------+--------+--------+--------+--------+-----+--------+

Top non-repeatable levels by time:
     D:5: 546 daAuts
     D:4: 296 daAuts
     D:6: 5 daAuts
     D:3: 4 daAuts
